 Dungeon Crawl Stone Soup version 0.32-a0-38-gb04dd89b9b (webtiles) character file.

Game seed: 10475698385022970868

32 p00ps00p the Trooper (level 3, 0/33 HPs)
             Began as a Hill Orc Fighter on Jan 24, 2024.
             Slain by an orc warrior
             ... wielding a +0 dire flail
              (7 damage)
             ... on level 4 of the Dungeon.
             The game lasted 00:01:42 (1096 turns).

p00ps00p the Trooper (Hill Orc Fighter)             Turns: 1096, Time: 00:01:43

Health: 0/33       AC:  8    Str: 20    XL:     3   Next: 25%
Magic:  3/3        EV:  9    Int:  8    God:
Gold:   58         SH:  4    Dex: 10    Spells: 2/2 levels left

rFire   . . .        a - +0 war axe
rCold   . . .        c - +0 buckler
rNeg    . . .        b - +0 scale mail
rPois   .            f - +0 helmet
rElec   .            (no cloak)
rCorr   .            (no gloves)
SInv    .            (no boots)
Will    .....        (no amulet) Stlth
                     (no ring)
HPRegen 0.25/turn    (no ring)
MPRegen 0.08/turn

%: no passive effects
@: mighty
A: no striking features
a: no special abilities


You were on level 4 of the Dungeon.
You visited 1 branch of the dungeon, and saw 4 of its levels.

You collected 58 gold pieces.

Inventory:

Hand Weapons
 a - a +0 war axe (weapon)
Armour
 b - a +0 scale mail (worn)
 c - a +0 buckler (worn)
 f - a +0 helmet (worn)
Potions
 d - 2 potions of might


   Skills:
 + Level 3.9 Fighting
 + Level 3.2 Axes
 + Level 3.6 Armour
 + Level 1.0 Stealth
 + Level 3.6 Shields


You had 2 spell levels left.
You didn't know any spells.
Your spell library contained the following spells:

 Spells                   Type           Power      Damage    Failure   Level
 Hailstorm                Conj/Ice       0%         3d5       99%         3
 Summon Ice Beast         Ice/Summ       0%         N/A       99%         3
 Sculpt Simulacrum        Ice/Alch       0%         N/A       100%        6


Dungeon Overview and Level Annotations

Branches:
Dungeon (4/15)
 Temple: D:4-7

Altars:


Message History

An orc comes into view. It is wielding a +0 hand axe.
The orc hits you but does no damage.
Unknown command.
You barely miss the orc warrior. The orc closely misses you.
The orc warrior hits you with a +0 dire flail.
Unknown command.
You hit the orc warrior.
The orc warrior is moderately wounded.
The orc warrior hits you with a +0 dire flail!
The orc wizard mumbles some strange words.
The orc wizard flickers and vanishes!
Deactivating autopickup; reactivate with Ctrl-A.
The orc warrior hits you but does no damage.
You closely miss the orc warrior.
The orc warrior is moderately wounded.
The orc warrior barely misses you.
The orc wizard gestures wildly while chanting.
The orc wizard flickers and vanishes!
Unknown command.
You hit the orc warrior but do no damage.
The orc warrior is moderately wounded.
The orc warrior hits you but does no damage.
You barely miss the orc warrior.
The orc warrior is moderately wounded.
The orc warrior hits you with a +0 dire flail.
The orc warrior hits you with a +0 dire flail!
* * * LOW HITPOINT WARNING * * *
The orc warrior throws a boomerang.
The boomerang barely misses you.
You feel very mighty all of a sudden.
You slash the orc warrior!
The orc warrior is severely wounded.
The orc warrior barely misses you.
You closely miss the orc warrior.
The orc warrior is severely wounded.
The orc warrior closely misses you.
You closely miss the orc warrior.
The orc warrior is severely wounded.
You block the orc warrior's attack.
The orc warrior hits you with a +0 dire flail!
You die...

....................
.##
##.##.#..)###.......#
## ...(.....#
##.....##
#..#...#.### .....#
###..........# ######
.....##...#.#
#.#.##...#.####
#...o.o.........
###+.##@##.#####
#'#.........
#.##........
o..#........#
#8o8#........#
#ooo#.........
##o####......


oo. ...... ... ####.. You could see an orc warrior and an orc.

Vanquished Creatures
  2 dart slugs (D:1)
  4 ball pythons
  3 endoplasms
  5 goblins
  4 hobgoblins (D:1)
  A quokka (D:1)
  A bat (D:1)
  2 frilled lizards (D:1)
  2 kobolds
  A rat (D:1)
25 creatures vanquished.

Notes
Turn   | Place    | Note
-------+----------+-------------------------------------------
     0 | D:1      | p00ps00p the Hill Orc Fighter began the quest for the Orb.
     0 | D:1      | Reached XP level 1. HP: 19/19 MP: 1/1
   369 | D:1      | Reached XP level 2. HP: 24/27 MP: 2/2
   873 | D:1      | Reached XP level 3. HP: 33/33 MP: 3/3
  1049 | D:4      | Reached skill level 1 in Stealth
  1076 | D:4      | Noticed an orc warrior
  1096 | D:4      | Slain by an orc warrior

Illustrated notes

Levels and vault maps discovered:
D:1:      dpeg_arrival_ternary, layout_basic, hangedman_decor_push,
          minmay_3d_cube
D:2:      layout_loops_ring, minmay_stone_trees_large, cheibrodos_gnoll_hut
D:3:      layout_basic, hellmonk_ecumenical_altar_defaced_shrine,
          minmay_door_square
D:4:      minmay_polygon_palace, layout_basic, corexii_leaking_fountain,
          minivault_26, minmay_misc_feat_doors, pf_guarded_unrand_delatra

Skill      XL: |  1  2  3 |
---------------+----------+-----
Axes           | 3 |  3.2
Stealth        | 1 |  1.0
Fighting       | |  3.9
Armour         | |  3.6
Shields        | |  3.6

Action                     || total
---------------------------++-------
  Melee: War axe           ||    67
    Use: Scroll            ||     2
         Potion            ||     1
 Armour: Scale mail        ||    37
  Dodge: Dodged            ||    48
  Block: Buckler           ||    11

Table legend: (Time is in decaauts)
 A = Elapsed time spent in this place.
 B = Non-inter-level travel time spent in this place.
 C = Inter-level travel time spent in this place.
 D = Time resting spent in this place.
 E = Time spent auto-exploring this place.
 F = Levels seen in this place.
 G = Mean time per level.
                   A        B        C        D        E       F      G
               +--------+--------+--------+--------+--------+-----+--------+
         Total |   1119 |   1106 |     13 |      0 |    856 |   4 |  279.8 |
       Dungeon |   1119 |   1106 |     13 |      0 |    856 |   4 |  279.8 |
               +--------+--------+--------+--------+--------+-----+--------+

Top non-repeatable levels by time:
     D:1: 986 daAuts
     D:4: 63 daAuts
     D:2: 54 daAuts
     D:3: 15 daAuts
